 Dungeon Crawl Stone Soup version 0.14-a0-586-g2535b90 (webtiles) character file.

124 Malachi the Grave Robber (level 3, -2/31 HPs)
             Began as a Troll Necromancer on Nov 3, 2013.
             Slain by a gnoll
             ... wielding a +0,+0 spear
              (3 damage)
             ... on Level 2 of the Dungeon.
             The game lasted 00:02:34 (928 turns).

Malachi the Grave Robber (Troll Necromancer)         Turns: 928, Time: 00:02:35

HP  -2/31        AC 10     Str 16      XL: 3   Next: 73%
MP   4/4         EV  9     Int 12      God:
Gold 67          SH  0     Dex 10      Spells:  1 memorised,  3 levels left

Res.Fire  : . . .   See Invis. : .   l - +2 flail (protect)
Res.Cold  : . . .   Warding    : .   a - +0 robe
Life Prot.: . . .   Conserve   : .   (shield restricted)
Res.Poison: .       Res.Corr.  : .   (helmet restricted)
Res.Elec. : .       Clarity    : .   (no cloak)
Sust.Abil.: . .     Spirit.Shd : .   (gloves unavailable)
Res.Mut.  : .       Stasis     : .   (boots unavailable)
Res.Rott. : .       Flight     : .   (no amulet)
Gourmand  : +                        (no ring)
                                     h - ring of sustenance

@: not resistant to hostile enchantments, unstealthy
A: unfitting armour, claws 3, fast metabolism 3, gourmand, regeneration 2,
saprovore 2, tough skin 2, AC +1
a: no special abilities


You were on level 2 of the Dungeon.
You were completely stuffed.

You visited 1 branch of the dungeon, and saw 2 of its levels.

You collected 67 gold pieces.

Inventory:

Hand weapons
 l - a +2,+2 flail of protection (weapon)
Armour
 a - a +0 robe (worn)
Comestibles
 c - 3 meat rations
 g - a bread ration
Scrolls
 d - 5 scrolls of identify
 e - a scroll of enchant weapon II
 o - a scroll of fear {unknown}
Jewellery
 h - a ring of sustenance (left claw)
 s - a cursed ring of see invisible {unknown}
Potions
 f - 2 potions of curing {unknown}
 j - a potion of cure mutation {unknown}
 k - a potion of heal wounds {unknown}
 q - a potion of agility {unknown}
 r - a potion of restore abilities {unknown}
Books
 b - a book of Necromancy

   Spells                             Type                      Level
   *Pain                              Necromancy                   1
   Animate Skeleton                   Necromancy                   1
   Lethal Infusion                    Charms/Necromancy            2
   Vampiric Draining                  Necromancy                   3
   Regeneration                       Charms/Necromancy            3
   Animate Dead                       Necromancy                   4
   Control Undead                     Necromancy                   4


   Skills:
 + Level 2.5 Fighting
 + Level 1.0 Maces & Flails
 - Level 1.5 Dodging
 - Level 1.1 Stealth
 - Level 1.0 Spellcasting
 - Level 3.2 Necromancy


You had 3 spell levels left.
You knew the following spells:

 Your Spells              Type           Power        Failure   Level  Hunger
a - Pain                  Necr           #...         10%         1    ##.....


Dungeon Overview and Level Annotations

Branches:
Dungeon (2/27)

Altars:


Innate Abilities, Weirdness & Mutations

You are too large for most types of armour.
You have claws for hands.
Your metabolism is lightning-fast.
You like to eat raw meat.
You heal very quickly.
You can eat rotten meat.
You are covered in fur (AC +1).
You have very tough skin (AC +2).


Message History

The gnoll hits you from afar with a spear.
The gnoll completely misses you.
Unknown command.
The gnoll closely misses you.
The gnoll hits you from afar with a spear.
The gnoll hits you with a spear.
Things that are here:
a whip; a gnoll corpse Unknown command.
You barely miss the gnoll. The gnoll hits you with a spear.
The gnoll hits you but does no damage.
Unknown command.
You hit the gnoll.
The gnoll is moderately wounded.
The gnoll hits you with a spear!
* * * LOW HITPOINT WARNING * * *
The gnoll hits you from afar with a spear.
* * * LOW HITPOINT WARNING * * *
The gnoll hits you with a spear.
You die...

#.# #.# #.# . #
#.# ... .#.## #.#
.....
.....##.##.....
...............
........ggg......
#@# #.# #.# #.#
#.# #.# #.### #
#.#<# # #.#.#
##########


You could see 3 gnolls.

Vanquished Creatures
  An adder (D:2)
  2 gnolls
  A ball python (D:1)
  3 giant cockroaches
  4 hobgoblins (D:1)
  6 bats (D:1)
  3 goblins (D:1)
  6 kobolds (D:1)
  3 rats (D:1)
29 creatures vanquished.

Notes
Turn   | Place    | Note
--------------------------------------------------------------
     0 | D:1      | Malachi, the Troll Necromancer, began the quest for the Orb.
     0 | D:1      | Reached XP level 1. HP: 16/16 MP: 3/3
    60 | D:1      | Reached skill level 1 in Fighting
   198 | D:1      | Reached XP level 2. HP: 16/24 MP: 3/3
   459 | D:1      | Reached XP level 3. HP: 31/31 MP: 2/4
   925 | D:2      | Reached skill level 1 in Maces & Flails
   928 | D:2      | HP: 1/31 [gnoll/spear (5)]
   928 | D:2      | Slain by a gnoll

Action                   || total
-------------------------++-------
Melee: Unarmed           ||    69
       Flail             ||    30
 Cast: Pain              ||     3
  Use: Scroll            ||     2
